 Dungeon Crawl Stone Soup version 0.27-a0-920-gb2bd10914a (webtiles) character file.

Game seed: 1095628288479087072

69 snetch the Chopper (level 4, -2/61 HPs)
             Began as a Minotaur Berserker on Apr 9, 2021.
             Was a Believer of Trog.
             Succumbed to Terence's poison
             ... on level 3 of the Dungeon.
             The game lasted 00:03:37 (1728 turns).

snetch the Chopper (Minotaur Berserker)             Turns: 1728, Time: 00:03:37

Health: -2/61      AC:  6    Str: 23    XL:     4   Next: 2%
Magic:  3/3        EV:  9    Int:  4    God:    Trog [**....]
Gold:   126        SH:  3    Dex:  9    Spells: 3/3 levels left

rFire    . . .     SeeInvis .   a - +0 war axe
rCold    . . .     Faith    .   k - +0 buckler
rNeg     . . .     Spirit   .   o - +0 scale mail
rPois    .         Reflect  .   (helmet restricted)
rElec    .         Harm     .   (no cloak)
rCorr    .         Rampage  .   (no gloves)
Will     .....                  (no boots)
Stlth    ..........             (no amulet)
HPRegen  0.20/turn              (no ring)
MPRegen  0.08/turn              (no ring)

@: berserking (expiring), lethally poisoned (-2 -> -25), very quick
A: horns 2, retaliatory headbutt
a: Renounce Religion, Berserk, Trog's Hand


You were on level 3 of the Dungeon.
You worshipped Trog.
Trog was pleased with you.
You visited 1 branch of the dungeon, and saw 5 of its levels.

You collected 126 gold pieces.

Inventory:

Hand Weapons
 a - a +0 war axe (weapon)
 p - a +2 short sword of electrocution
Missiles
 c - 66 arrows
 j - 10 stones
 l - 3 boomerangs (quivered)
Armour
 k - a +0 buckler (worn)
 o - a +0 scale mail (worn)
Wands
 s - a wand of paralysis (7)
Scrolls
 b - a scroll of blinking {unknown}
 d - 3 scrolls of noise {unknown}
 e - 2 scrolls of holy word {unknown}
 q - 2 scrolls of identify {unknown}
 r - a scroll of enchant weapon {unknown}
Potions
 f - a potion of degeneration {unknown}
 g - a potion of curing
 h - a potion of haste {unknown}
 i - a potion of mutation {unknown}
 m - a potion of ambrosia {unknown}
 n - a potion of attraction {unknown}


   Skills:
 + Level 4.4 Fighting
 + Level 4.7 Axes
 + Level 3.0 Armour
 + Level 2.6 Dodging


You had 3 spell levels left.
You didn't know any spells.
Your spell library contained the following spells:

 Spells                   Type           Power      Damage    Failure   Level
 Animate Skeleton         Necr           0%         N/A       94%         1
 Apportation              Tloc           0%         N/A       94%         1
 Corona                   Hex            0%         N/A       94%         1
 Summon Small Mammal      Summ           0%         N/A       94%         1


Dungeon Overview and Level Annotations

Branches:
Dungeon (5/15)
 Temple: D:4-7

Altars:
Okawaru


Innate Abilities, Weirdness & Mutations

You have a pair of horns on your head.
You reflexively headbutt those who attack you in melee.


Message History

You are poisoned.
Found 14 gold pieces and a club.
Found a stone staircase leading up.
There is a stone staircase leading down here.
Unknown command.
A red film seems to cover your vision as you go berserk!
You feel yourself moving faster!
You feel mighty!
You feel very sick.
Terence hits you from afar with a +1 trident of venom!
You are more poisoned.
You feel a strong urge to attack something.
You feel very sick.
You slash Terence!
Terence is almost dead.
You slash the goblin!
You kill the goblin!
Trog accepts your kill.
You feel very sick.
Terence hits you with a +1 trident of venom.
You are more poisoned.
You closely miss Terence. You headbutt Terence.
Terence is almost dead.
You feel very sick.
Terence hits you with a +1 trident of venom!
* * * LOW HITPOINT WARNING * * *
You are more poisoned.
You barely miss Terence.
Terence is almost dead.
* * * LOW HITPOINT WARNING * * *
You feel extremely sick.
Terence drinks a potion.
Terence is healed!
You barely miss Terence. Your headbutt misses Terence.
Terence is heavily wounded.
* * * LOW HITPOINT WARNING * * *
You feel very sick. Terence barely misses you. You furiously retaliate!
You headbutt Terence!
Unknown command.
You slash Terence!
You kill Terence!
Trog accepts your kill.
You die...

###########
#........)# .
#.........# ..
#........<#
... #
#....)....#
..## .
#...)@>...#
#..####
#...........#
#...##
#......$..#.#
##...
#.........#.#
#....
###...........
#...)
#.....#####..
#..รท) #####.#
#...##...< ..
#.......)
###.#....


There were no monsters in sight!

Vanquished Creatures
  Terence (D:3)
  2 dart slugs
  7 orcs (D:3)
  4 ball pythons
  3 endoplasms (D:1)
  3 giant cockroaches (D:1)
  5 goblins
  5 hobgoblins
  3 jackals
  2 quokkas
  6 bats
  2 frilled lizards (D:2)
  3 kobolds
  5 rats
51 creatures vanquished.

Notes
Turn   | Place    | Note
-------+----------+-------------------------------------------
     0 | D:1      | snetch the Minotaur Berserker began the quest for the Orb.
     0 | D:1      | Reached XP level 1. HP: 19/19 MP: 0/0
   239 | D:1      | Reached XP level 2. HP: 27/27 MP: 1/1
   503 | D:1      | Reached XP level 3. HP: 33/33 MP: 2/2
   645 | D:1      | Reached ** piety under Trog
  1667 | D:3      | Reached XP level 4. HP: 41/41 MP: 3/3
  1688 | D:5      | Entered Level 5 of the Dungeon
  1688 | D:5      | Found an iron altar of Okawaru.
  1721 | D:3      | Noticed Terence
  1727 | D:3      | HP: 3/61 [poisoned by Terence]
  1728 | D:3      | Killed Terence
  1728 | D:3      | Succumbed to Terence's poison

Illustrated notes

Levels and vault maps discovered:
D:1:      wander_arrival_peaceful_grave, layout_basic, minivault_26,
          chequers_hall_statues_wall_a, st_stairs_2
D:2:      layout_rooms, hellmonk_ecumenical_altar_run_dry
D:3:      layout_rooms, eino_tiny_chamber, minmay_diced_spiral, uniq_terence
D:4:      layout_basic, minmay_temple_entry_wispy
D:5:      layout_loops_corners, lemuel_coloured_pillars_altar,
          okawaru_ov_weapons_minmay, st_stairs_8

Skill      XL: |  1  2  3 |
---------------+----------+-----
Fighting       | 4 |  4.4
Axes           | 4 |  4.7
Armour         | 3 |  3.0
Dodging        | |  2.6

Action                   |  1- 3 |  4- 6 || total
-------------------------+-------+-------++-------
Melee: Hand axe          |    73 |       ||    73
       Headbutt          |     9 |     1 ||    10
       War axe           |     5 |     5 ||    10
Invok: Berserk           |     1 |     1 ||     2
Armor: Animal skin       |     9 |       ||     9
Dodge: Dodged            |    54 |     1 ||    55
Block: Buckler           |     4 |       ||     4

Table legend: (Time is in decaauts)
 A = Elapsed time spent in this place.
 B = Non-inter-level travel time spent in this place.
 C = Inter-level travel time spent in this place.
 D = Time resting spent in this place.
 E = Time spent auto-exploring this place.
 F = Levels seen in this place.
 G = Mean time per level.
                   A        B        C        D        E       F      G
               +--------+--------+--------+--------+--------+-----+--------+
         Total |   1754 |   1724 |     30 |    184 |   1014 |   5 |  350.8 |
       Dungeon |   1754 |   1724 |     30 |    184 |   1014 |   5 |  350.8 |
               +--------+--------+--------+--------+--------+-----+--------+

Top non-repeatable levels by time:
     D:1: 1212 daAuts
     D:3: 268 daAuts
     D:2: 227 daAuts
     D:4: 41 daAuts
     D:5: 4 daAuts
